 Dungeon Crawl Stone Soup version 0.28-a0-1080-g05a166d0ed (webtiles) character file.

Game seed: 2439238775365460192

6881 dracfodder the Geomancer (level 11, -8/60 HPs)
             Began as a Gargoyle Earth Elementalist on Dec 3, 2021.
             Was a Believer of Sif Muna.
             Mangled by a manticore (19 damage)
             ... on level 9 of the Dungeon on Dec 10, 2021.
             The game lasted 01:36:56 (11276 turns).

dracfodder the Geomancer (GrEE)                    Turns: 11276, Time: 01:36:56

Health: -8/60      AC: 13    Str: 12    XL:     11   Next: 6%
Magic:  29/31      EV: 12    Int: 20    God:    Sif Muna [**....]
Gold:   502        SH:  0    Dex: 10    Spells: 4/25 levels left

rFire   . . .      SeeInvis .   b - +2 flail (holy)
rCold   . . .      Faith    .   (no shield)
rNeg    + . .      Spirit   .   H - +1 robe {Will+}
rPois   ∞          Reflect  .   i - +0 helmet
rElec   +          Harm     .   x - +0 cloak
rCorr   .          Rampage  .   (no gloves)
Will    ++...                   (no boots)
Stlth   +++.......              h - amulet of regeneration
HPRegen 1.00/turn               m - ring of willpower
MPRegen 0.22/turn               s - ring of magical power

@: no status effects
A: sickness immunity, AC +8, negative energy resistance 1, electricity
resistance, torment resistance 1, petrification resistance, talons 1
a: Renounce Religion, Channel Magic


You were on level 9 of the Dungeon.
You worshipped Sif Muna.
Sif Muna was pleased with you.
You visited 2 branches of the dungeon, and saw 10 of its levels.
You also visited: Ossuary.

You collected 1274 gold pieces.
You spent 772 gold pieces at shops.

Inventory:

Hand Weapons
 a - a +1 hunting sling of freezing
 b - a +2 flail of holy wrath (weapon)
 d - a +0 arbalest of freezing
 k - a +0 hand axe
 o - a +2 dagger of speed
Missiles
 c - 124 stones
 e - 18 poisoned darts (quivered)
 j - 142 arrows
 t - 2 boomerangs
 D - a curare-tipped dart
 I - 2 javelins
 J - a throwing net
Armour
 i - a +0 helmet (worn)
 x - a +0 cloak (worn)
 H - a +1 robe of willpower (worn)
 K - the +1 scale mail of Peek-a-Boo {Will- Dex+6 SInv}
   (You bought it in a shop on level 8 of the Dungeon)

   Dex:       It affects your dexterity (+6).
   SInv:      It lets you see invisible.
   Will:      It decreases your willpower.
Jewellery
 h - an amulet of regeneration (around neck)
 m - a ring of willpower (left hand)
 s - a ring of magical power (right hand)
 F - a ring of flight
 G - a ring of protection from cold
Wands
 g - a wand of iceblast (4)
 w - a wand of mindburst (10)
Scrolls
 n - a scroll of teleportation
 y - a scroll of magic mapping
 z - a scroll of fog
Potions
 f - a potion of flight
 l - 3 potions of lignification
 p - a potion of heal wounds
 r - 5 potions of curing
 u - a potion of berserk rage
 v - 2 potions of ambrosia
 A - a potion of cancellation {unknown}
 B - a potion of brilliance
 C - a potion of invisibility
 E - a potion of magic {unknown}


   Skills:
 + Level 3.2 Fighting
 + Level 3.4 Maces & Flails
 + Level 4.5(4.6) Slings
 + Level 1.2(3.1) Throwing
 + Level 2.4 Dodging
 + Level 4.7 Stealth
 + Level 7.7 Spellcasting
 + Level 5.5 Conjurations
 + Level 0.1 Translocations
 + Level 1.5 Transmutations
 + Level 0.2 Fire Magic
 + Level 0.2 Air Magic
 * Level 12.4 Earth Magic
 + Level 1.9 Poison Magic


You had 4 spell levels left.
You knew the following spells:

 Your Spells              Type           Power      Damage    Failure   Level
a - Sandblast             Erth           100%       2d20      1%          1
b - Passwall              Tmut/Erth      29%        N/A       1%          2
c - Stone Arrow           Conj/Erth      86%        3d12      1%          3
d - Petrify               Tmut/Erth      35%        N/A       4%          4
e - Slow                  Hex            28%        N/A       9%          1
f - Summon Guardian Gole  Hex/Summ       7%         N/A       26%         3
g - Apportation           Tloc           16%        N/A       9%          1
h - Mephitic Cloud        Conj/Pois/Air  18%        N/A       9%          3
i - Ignite Poison         Fire/Tmut/Pois 12%        N/A       16%         3

Your spell library contained the following spells:

 Spells                   Type           Power      Damage    Failure   Level
 Animate Skeleton         Necr           14%        N/A       9%          1
 Summon Small Mammal      Summ           28%        N/A       9%          1
 Confusing Touch          Hex            7%         N/A       26%         3
 Summon Ice Beast         Ice/Summ       7%         N/A       65%         4
 Freezing Cloud           Conj/Ice/Air   7%         6-21      73%         5
 Yara's Violent Unravell  Hex/Tmut       5%         3d4       87%         5
 Manifold Assault         Tloc           8%         N/A       93%         5
 Summon Mana Viper        Hex/Summ       7%         N/A       94%         5
 Monstrous Menagerie      Summ           3%         N/A       100%        7


Dungeon Overview and Level Annotations

Branches:
Dungeon (9/15)             Temple (1/1) D:5         Ossuary (visited)
   Lair: D:8-11         Orc: D:9-12

Altars:
Ashenzari
Cheibriados
Dithmenos
Elyvilon
Fedhas
Gozag
Hepliaklqana
Kikubaaqudgha
Makhleb
Nemelex Xobeh
Okawaru
Qazlal
Ru
Sif Muna
Trog
Uskayaw
Vehumet
Wu Jian
Xom
Yredelemnul
Zin
The Shining One

Shops:
D:5 :   D:8 ([[


Innate Abilities, Weirdness & Mutations

You are immune to sickness and miasma.
Your stone body is resilient. (AC +8)
You are immune to poison.
You resist negative energy. (rN+)
You are resistant to electric shocks. (rElec)
You are resistant to unholy torment.
You are immune to petrification.
You have sharp toenails.


Message History

The six-headed hydra bites you!
You finish putting on your +1 robe of willpower.
You feel strong-willed.
Casting: Petrify (dangerous; 4% risk of failure)
Confirm with . or Enter, or press ? or * to list all spells.
Aiming: Petrify (dangerous; 4% risk of failure)
Press: ? - help, Shift-Dir - straight line, f/p - six-headed hydra
Aim: a six-headed hydra (moderately wounded, chance to affect: 28%)
The six-headed hydra easily resists.
The six-headed hydra barely misses you.
The six-headed hydra closely misses you.
The six-headed hydra bites you. The six-headed hydra barely misses you.
The six-headed hydra bites you. x2
As you read the scroll of teleportation, it crumbles to dust.
You feel strangely unstable.
The six-headed hydra bites you but does no damage.
The six-headed hydra bites you.
The six-headed hydra bites you but does no damage.
The six-headed hydra bites you.
The six-headed hydra bites you but does no damage.
The six-headed hydra bites you!
* * * LOW HITPOINT WARNING * * *
Your surroundings suddenly seem different.
A centaur comes into view.
Found a lead wand and a scroll of identify.
The centaur shouts!
You hear a shout! x2
An orc priest comes into view. It is wielding a +0 flail.
An orc comes into view. It is wielding a +0 hand axe.
An orc comes into view. It is wielding a +0 short sword.
The centaur wields a +0 shortbow.
The centaur shoots an arrow.
The arrow misses you.
You hear a shout!
A manticore comes into view.
The centaur shoots an arrow.
The arrow hits you!
* * * LOW HITPOINT WARNING * * *
The centaur shoots an arrow.
The arrow closely misses you.
The centaur shoots an arrow.
The arrow hits you.
* * * LOW HITPOINT WARNING * * *
The centaur shoots an arrow.
The arrow hits you but does no damage. The manticore bites you!!
You die...

#### ##.H##
#..@.#
###.#####
#.......#...
#........o..
#......../..
##.....o...#
##.....c...
###....o..
#..?.##


You could see a manticore.

Vanquished Creatures
  A two-headed ogre (D:7)
  A kobold demonologist (D:7)
  Grinder (D:6)
  Prince Ribbit (D:6)
  Sigmund (D:4)
  3 wyverns
  8 yaks (D:8)
  An acid dragon (D:8)
  Duvessa (D:7)
  A water moccasin (D:7)
  An ice beast (D:8)
  A sky beast (D:6)
  A necrophage (D:6)
  An ogre (D:7)
  A lemure (D:7)
  2 centaurs
  A phantom (D:6)
  2 kobold brigands
  Blork the orc (D:6)
  A bullfrog (D:7)
  11 scorpions
  A wyvern zombie (D:7)
  A wyvern skeleton (D:7)
  Dowan (D:7)
  7 killer bees
  4 wights (D:8)
  3 howler monkeys
  3 hounds
  A jelly (D:8)
  2 bullfrog zombies
  4 centaur zombies
  2 human zombies (Ossuary)
  A gnoll shaman (D:6)
  2 orc priests
  Crazy Yiuf (D:6)
  Ijyb (D:3)
  9 orc wizards
  4 iguanas
  4 scorpion zombies (Ossuary)
  Natasha (D:3)
  A killer bee zombie (D:8)
  3 mummies (Ossuary)
  6 gnolls
  5 adders
  A worm (D:2)
  A dart slug (D:5)
  34 orcs
  6 ball pythons
  6 bats
  7 endoplasms
  3 giant cockroaches
  3 gnoll zombies (Ossuary)
  3 goblins
  9 hobgoblins
  6 jackals
  A quokka (D:2)
  4 frilled lizards
  4 goblin zombies (Ossuary)
  3 hobgoblin zombies (Ossuary)
  10 kobolds
  A kobold zombie (Ossuary)
  3 orc zombies (Ossuary)
  4 rats
218 creatures vanquished.

Vanquished Creatures (collateral kills)
  An orc warrior (D:6)
  An orc (D:6)
2 creatures vanquished.

Vanquished Creatures (others)
  An orc (D:6)
  A goblin (D:3)
2 creatures vanquished.

Grand Total: 222 creatures vanquished

Notes
Turn   | Place    | Note
-------+----------+-------------------------------------------
     0 | D:1      | dracfodder the Gargoyle Earth Elementalist began the quest
                  | for the Orb.
     0 | D:1      | Reached XP level 1. HP: 10/10 MP: 3/3
   121 | D:1      | Reached XP level 2. HP: 10/16 MP: 1/5
   305 | D:1      | Reached skill level 4 in Earth Magic
   508 | D:1      | Learned a level 2 spell: Passwall
   565 | D:1      | Found a faded altar of an unknown god.
   707 | D:1      | Reached XP level 3. HP: 18/20 MP: 1/6
   711 | D:1      | Reached skill level 1 in Slings
   762 | D:1      | Learned a level 3 spell: Stone Arrow
   769 | D:1      | Reached skill level 1 in Fighting
  1617 | D:2      | Reached XP level 4. HP: 25/25 MP: 5/7
  1794 | D:3      | Noticed Ijyb
  1823 | D:3      | Killed Ijyb
  1824 | D:3      | Reached skill level 5 in Earth Magic
  1831 | D:3      | Upgraded the game from 0.28-a0-984-g3775c662fe to
                  | 0.28-a0-1033-g1a2f33fa85
  2128 | D:3      | Reached XP level 5. HP: 29/29 MP: 4/8
  2729 | D:3      | Noticed Natasha
  2730 | D:3      | Killed Natasha
  3121 | D:4      | Noticed a centaur
  3125 | D:4      | Killed a centaur
  3219 | D:4      | Noticed Sigmund
  3238 | D:4      | Reached XP level 6. HP: 22/34 MP: 10/10
  3319 | D:4      | Gained mutation: You have sharp toenails. [potion of
                  | mutation]
  3321 | D:4      | Reached skill level 1 in Conjurations
  3321 | D:4      | Reached skill level 6 in Earth Magic
  3372 | D:4      | Reached XP level 7. HP: 26/38 MP: 8/12
  3377 | D:4      | Learned a level 4 spell: Petrify
  3435 | D:4      | Killed Sigmund
  3436 | D:4      | Reached skill level 7 in Earth Magic
  3705 | D:5      | Entered Level 5 of the Dungeon
  4664 | D:5      | Reached skill level 8 in Earth Magic
  4664 | D:5      | Reached XP level 8. HP: 43/43 MP: 14/14
  4756 | D:5      | Identified a scroll of acquirement
  4756 | D:5      | Acquired dracfodder's Collected Works on Quantum
                  | Malediction
  4760 | D:5      | Learned a level 1 spell: Slow
  4764 | D:5      | Learned a level 3 spell: Summon Guardian Golem
  5119 | D:6      | Found a sand-covered staircase.
  5125 | Ossuary  | Entered an ossuary
  5586 | Ossuary  | Acquired 894 gold pieces
  5702 | Ossuary  | Reached skill level 1 in Maces & Flails
  5859 | Ossuary  | Reached skill level 5 in Spellcasting
  5874 | Ossuary  | Reached skill level 9 in Earth Magic
  5932 | Ossuary  | Reached XP level 9. HP: 48/48 MP: 14/16
  6199 | D:5      | Found Loofan's Book Emporium.
  6205 | D:5      | Bought a book of Cantrips for 156 gold pieces
  6205 | D:5      | Bought a Trismegistus Codex for 364 gold pieces
  6214 | D:5      | Found a staircase to the Ecumenical Temple.
  6221 | Temple   | Entered the Ecumenical Temple
  6546 | Temple   | Became a worshipper of Sif Muna the Loreminder
  6675 | D:5      | Learned a level 1 spell: Apportation
  6679 | D:5      | Learned a level 3 spell: Mephitic Cloud
  6910 | D:4      | Upgraded the game from 0.28-a0-1033-g1a2f33fa85 to
                  | 0.28-a0-1038-g9c4cb8273d
  7178 | D:6      | Noticed Blork the orc
  7190 | D:6      | Killed Blork the orc
  7484 | D:6      | Noticed Grinder
  7493 | D:6      | Killed Grinder
  7494 | D:6      | Reached skill level 10 in Earth Magic
  7582 | D:6      | Reached skill level 1 in Transmutations
  7790 | D:6      | Noticed Prince Ribbit
  7794 | D:6      | Killed Prince Ribbit
  8032 | D:6      | Found a runed translucent door.
  8033 | D:6      | Noticed Crazy Yiuf
  8222 | D:6      | Killed Crazy Yiuf
  8500 | D:7      | Upgraded the game from 0.28-a0-1038-g9c4cb8273d to
                  | 0.28-a0-1080-g05a166d0ed
  8622 | D:7      | Noticed Duvessa
  8626 | D:7      | Killed Duvessa
  8626 | D:7      | Reached * piety under Sif Muna
  8627 | D:7      | Reached XP level 10. HP: 54/54 MP: 16/20
  8682 | D:7      | Noticed Dowan
  8692 | D:7      | Killed Dowan
  8734 | D:7      | Learned a level 3 spell: Ignite Poison
  8743 | D:7      | Found a sacrificial altar of Ru.
  8748 | D:7      | Reached skill level 11 in Earth Magic
  8753 | D:7      | Reached skill level 1 in Poison Magic
  8900 | D:7      | Found an opulent altar of Gozag.
  9032 | D:7      | Noticed a kobold demonologist
  9038 | D:7      | Killed a kobold demonologist
  9132 | D:7      | Noticed a two-headed ogre
  9138 | D:7      | Killed a two-headed ogre
  9777 | D:8      | Found Qodoaguu's Antique Weapon Boutique.
 10118 | D:8      | Reached skill level 5 in Conjurations
 10127 | D:8      | Reached skill level 12 in Earth Magic
 10147 | D:8      | Reached ** piety under Sif Muna
 10336 | D:8      | Reached skill level 1 in Throwing
 10387 | D:8      | Found Fuidiloh's Antique Weapon Shop.
 10552 | D:9      | Noticed a six-headed hydra
 10590 | D:8      | Reached XP level 11. HP: 60/60 MP: 11/22
 10807 | D:8      | Found Geleqog's Antique Armour Boutique.
 10814 | D:8      | Bought a spiked scale mail for 252 gold pieces
 10814 | D:8      | Identified the +1 scale mail of Peek-a-Boo {Will- Dex+6
                  | SInv} (You bought it in a shop on level 8 of the Dungeon)
 11019 | D:8      | Found Viebareu's Armour Shop.
 11168 | D:9      | Identified the +8 broad axe of Ignis's Regard {vorpal,
                  | Contam rF+ rCorr}
 11272 | D:9      | Noticed a manticore
 11276 | D:9      | Mangled by a manticore

Illustrated notes

Levels and vault maps discovered:
D:1:      beargit_arrival_diablo_church, layout_basic,
          ebering_ecumenical_altar_hall
D:2:      layout_loops_cross
D:3:      layout_basic, lemuel_flame_loot_1, uniq_ijyb, uniq_natasha
D:4:      layout_cave_pods, grunt_decor_one_mirror, uniq_sigmund
D:5:      layout_basic, minmay_temple_entry_mist, serial_shops,
          nicolae_shop_hallway_plus
D:6:      layout_gridville, enter_ossuary_2, uniq_grinder,
          uniq_crazy_yiuf_cottage, uniq_prince_ribbit1, uniq_blork_the_orc
D:7:      layout_basic, nicolae_gozag_seed_capital,
          mainiacjoe_overflow_brackets, uniq_pikel, uniq_duvessa
D:8:      layout_loops_ring, serial_shops, shop, shop, shop, shop
D:9:      layout_cave_pools, erik_orc_1
Temple:   mainiacjoe_temple_cubbyholes

Skill      XL: |  1  2  3  4  5  6  7  8  9 10 |
---------------+-------------------------------+-----
Earth Magic    | 4 5 6 8 9 10 12 | 12.4
Slings         | 1 2 3 4 |  4.5
Fighting       | 1 2 3 |  3.2
Spellcasting   | 3 4 5 6 7 |  7.7
Conjurations   | 1 3 4 5 |  5.5
Dodging        | 2 |  2.4
Stealth        | 3 4 |  4.7
Maces & Flails | 1 2 3 |  3.4
Transmutations | 1 |  1.5
Poison Magic   | 1 |  1.9
Throwing       | 1 |  1.2
Translocations | |  0.1
Fire Magic     | |  0.2
Air Magic      | |  0.2

Action                   |  1- 3 |  4- 6 |  7- 9 | 10-12 || total
-------------------------+-------+-------+-------+-------++-------
Melee: Flail             |       |       |    95 |    27 ||   122
       Kick              |       |       |    22 |     6 ||    28
 Fire: Hunting sling     |    24 |    26 |    31 |    11 ||    92
Throw: Dart              |       |     4 |     6 |    18 ||    28
 Cast: Sandblast         |    28 |    29 |    48 |    26 ||   131
       Stone Arrow       |     5 |    14 |   112 |    68 ||   199
       Petrify           |       |       |    10 |     5 ||    15
       Slow              |       |       |     2 |       ||     2
       Apportation       |       |       |     5 |       ||     5
       Mephitic Cloud    |       |       |     3 |    11 ||    14
       Passwall          |       |       |     1 |       ||     1
       Summon Guardian G |       |       |     1 |       ||     1
       Ignite Poison     |       |       |       |     3 ||     3
Evoke: Wand              |       |       |       |     3 ||     3
  Use: Scroll            |       |     2 |    19 |     2 ||    23
       Potion            |       |     1 |     1 |       ||     2
 Stab: Petrified         |       |       |     3 |    19 ||    22
Armor: Robe              |     5 |    16 |    59 |    22 ||   102
       Scale mail        |       |       |       |     3 ||     3
Dodge: Dodged            |    13 |    41 |    75 |    28 ||   157

Table legend: (Time is in decaauts)
 A = Elapsed time spent in this place.
 B = Non-inter-level travel time spent in this place.
 C = Inter-level travel time spent in this place.
 D = Time resting spent in this place.
 E = Time spent auto-exploring this place.
 F = Levels seen in this place.
 G = Mean time per level.
                   A        B        C        D        E       F      G
               +--------+--------+--------+--------+--------+-----+--------+
         Total |  11331 |  10929 |    402 |   2501 |   5895 |  11 | 1030.1 |
       Dungeon |   9968 |   9608 |    360 |   2070 |   5432 |   9 | 1107.6 |
        Temple |    375 |    333 |     42 |      0 |    303 |   1 |  375.0 |
       Ossuary |    986 |    986 |      0 |    431 |    160 |   1 |  986.0 |
               +--------+--------+--------+--------+--------+-----+--------+

Top non-repeatable levels by time:
     D:4: 1640 daAuts
     D:8: 1452 daAuts
     D:6: 1408 daAuts
     D:7: 1386 daAuts
     D:3: 1341 daAuts
 Ossuary: 986 daAuts
     D:1: 880 daAuts
     D:2: 865 daAuts
     D:5: 862 daAuts
  Temple: 375 daAuts
     D:9: 132 daAuts
